 Dungeon Crawl Stone Soup version 0.28-a0-657-g71136c5590 (webtiles) character file.

Game seed: 2663476973393829126

414 ytrimaz the Chopper (level 6, 0/57 HPs)
             Began as a Minotaur Fighter on Oct 13, 2021.
             Slain by an ice beast (9 damage)
             ... on level 5 of the Dungeon.
             The game lasted 00:03:54 (3144 turns).

ytrimaz the Chopper (Minotaur Fighter)              Turns: 3144, Time: 00:03:55

Health: 0/57       AC: 10    Str: 23    XL:     6   Next: 60%
Magic:  5/5        EV:  8    Int:  5    God:
Gold:   1354       SH:  4    Dex:  9    Spells: 5/5 levels left

rFire   . . .      SeeInvis .   a - +0 war axe
rCold   . . .      Faith    .   c - +0 buckler
rNeg    . . .      Spirit   .   h - +0 chain mail
rPois   .          Reflect  .   (helmet restricted)
rElec   .          Harm     .   (no cloak)
rCorr   .          Rampage  .   (no gloves)
Will    .....                   e - +0 pair of boots
Stlth   ..........              (no amulet)
HPRegen 0.19/turn               (no ring)
MPRegen 0.09/turn               (no ring)

@: no status effects
A: horns 2, retaliatory headbutt
a: no special abilities


You were on level 5 of the Dungeon.
You visited 1 branch of the dungeon, and saw 5 of its levels.

You collected 1354 gold pieces.

Inventory:

Hand Weapons
 a - a +0 war axe (weapon)
Armour
 c - a +0 buckler (worn)
 e - a +0 pair of boots (worn)
 h - a +0 chain mail (worn)
Scrolls
 g - a scroll of blinking
Potions
 b - a potion of attraction {unknown}
 d - a potion of might
 f - 6 potions of curing {unknown}
 i - a potion of resistance {unknown}
 j - a potion of mutation {unknown}
 k - a potion of berserk rage {unknown}
 l - a potion of magic {unknown}
 n - a potion of invisibility {unknown}


   Skills:
 + Level 5.8 Fighting
 + Level 5.9 Axes
 + Level 4.3 Armour
 + Level 0.8 Dodging
 + Level 4.8 Shields


You had 5 spell levels left.
You didn't know any spells.
Your spell library contained the following spells:

 Spells                   Type           Power      Damage    Failure   Level
 Foxfire                  Conj/Fire      0%         2x1d4     99%         1
 Summon Small Mammal      Summ           0%         N/A       99%         1
 Ensorcelled Hibernation  Hex/Ice        0%         N/A       99%         2
 Call Canine Familiar     Summ           0%         N/A       100%        3
 Conjure Flame            Conj/Fire      0%         6-21      100%        3
 Inner Flame              Hex/Fire       0%         N/A       100%        3
 Ozocubu's Armour         Ice            0%         N/A       100%        3
 Spider Form              Tmut/Pois      0%         N/A       100%        3
 Summon Guardian Golem    Hex/Summ       0%         N/A       100%        3
 Flame Wave               Conj/Fire      0%         3d3       100%        4
 Ozocubu's Refrigeration  Ice            0%         4d5       100%        7


Dungeon Overview and Level Annotations

Branches:
Dungeon (5/15)
 Temple: D:4-7

Altars:
Dithmenos
Gozag
Wu Jian
Zin


Innate Abilities, Weirdness & Mutations

You have a pair of horns on your head.
You reflexively headbutt those who attack you in melee.


Message History

You barely miss the scorpion zombie. You headbutt the scorpion zombie.
You destroy the scorpion zombie!
The worm barely misses you. You furiously retaliate!
You headbutt the worm! You slash the worm!
You kill the worm!
You now have 1354 gold pieces (gained 15).
b - a bubbling coppery potion
i - an inky potion An ogre comes into view.
It is wielding a +0 giant spiked club.
The ogre shouts!
An ogre is nearby!
An ice beast comes into view.
A scorpion comes into view. x2
The scorpion moves out of view.
The ogre hits you with a +0 giant spiked club.
You barely miss the ogre. Your headbutt misses the ogre. You hit the ice beast.
The ice beast hits you but does no damage.
The ogre hits you but does no damage.
The ice beast hits you but does no damage.
You barely miss the ogre. You headbutt the ogre!
The ogre is moderately wounded.
You hit the ice beast but do no damage. The ice beast barely misses you.
The ogre hits you with a +0 giant spiked club!!
Unknown command.
You slash the ogre! You headbutt the ogre.
The ogre is almost dead.
You closely miss the ice beast. You block the ice beast's attack.
The ogre hits you with a +0 giant spiked club!
Unknown command.
You hit the ice beast. Your headbutt misses the ice beast.
The ice beast is moderately wounded.
The ice beast hits you. The ice beast freezes you!
* * * LOW HITPOINT WARNING * * *
The ogre closely misses you. You furiously retaliate!
You headbutt the ogre.
Unknown command.
Found a leather armour.
The ice beast hits you.
* * * LOW HITPOINT WARNING * * *
The ice beast freezes you!
You die...

###........#
#....[.....#########...
#.......................
#......................[
#......................
#....................#
####...................#
...#.#...####..........#
................@..s...####
......<..........Y..O......
...#.............#s.#.####
#........######..##.#.#
#........# #..##...#
###......# #..###..#
#.....[...... ...# #..#
#.......########.# #..#
#......## ... #..#


You could see an ice beast, an ogre and 2 scorpions.

Vanquished Creatures
  An ogre (D:4)
  A scorpion (D:4)
  A jelly (D:4)
  2 iguanas (D:4)
  A scorpion zombie (D:5)
  2 hound skeletons (D:4)
  An adder (D:2)
  3 gnolls (D:4)
  6 worms
  8 orcs
  5 ball pythons
  5 bats
  6 endoplasms
  6 giant cockroaches
  5 goblins
  7 hobgoblins
  4 jackals (D:4)
  3 kobolds
  A quokka (D:3)
  4 frilled lizards
  6 rats
78 creatures vanquished.

Notes
Turn   | Place    | Note
-------+----------+-------------------------------------------
     0 | D:1      | ytrimaz the Minotaur Fighter began the quest for the Orb.
     0 | D:1      | Reached XP level 1. HP: 19/19 MP: 0/0
   127 | D:1      | Reached XP level 2. HP: 27/27 MP: 1/1
   685 | D:2      | Found an ornate altar of the Wu Jian Council.
   709 | D:2      | Reached XP level 3. HP: 33/33 MP: 2/2
  1008 | D:2      | Found a faded altar of an unknown god.
  1205 | D:2      | You fall into a shaft and drop 1 floor!
  1330 | D:3      | Reached XP level 4. HP: 38/41 MP: 3/3
  1334 | D:3      | Found a shadowy altar of Dithmenos.
  2015 | D:4      | Noticed an ogre
  2023 | D:4      | Killed an ogre
  2024 | D:4      | Reached XP level 5. HP: 47/47 MP: 4/4
  2062 | D:4      | Reached skill level 5 in Fighting
  2187 | D:4      | Reached skill level 5 in Axes
  2191 | D:4      | Reached XP level 6. HP: 16/56 MP: 5/5
  2607 | D:4      | Found an opulent altar of Gozag.
  2608 | D:4      | Found a glowing silver altar of Zin.
  2626 | D:4      | Identified a scroll of acquirement
  2626 | D:4      | Acquired 1186 gold pieces
  3082 | D:5      | Entered Level 5 of the Dungeon
  3132 | D:5      | Noticed an ice beast
  3144 | D:5      | Slain by an ice beast

Illustrated notes

Levels and vault maps discovered:
D:1:      mushboom_english_gardens, layout_loops_cross
D:2:      layout_basic, chequers_ecumenical_altar_island, basic_altar,
          corexii_item_surrounded_by_moat, kennysheep_generic_room_9,
          uniq_jessica
D:3:      layout_loops_cross, grunt_dithmenos_smoke_and_mirrors
D:4:      layout_cave_pools, grunt_temple_overflow_gold_and_silver
D:5:      layout_basic, minitemple

Skill      XL: |  1  2  3  4  5 |
---------------+----------------+-----
Fighting       | 4 5 |  5.8
Shields        | 4 |  4.8
Armour         | 4 |  4.3
Axes           | 3 4 5 |  5.9
Dodging        | |  0.8

Action                   |  1- 3 |  4- 6 || total
-------------------------+-------+-------++-------
Melee: War axe           |    88 |    90 ||   178
       Headbutt          |     9 |    16 ||    25
  Use: Scroll            |       |     5 ||     5
Armor: Scale mail        |    17 |       ||    17
       Chain mail        |    31 |    43 ||    74
Dodge: Dodged            |    49 |    45 ||    94
Block: Buckler           |    24 |    24 ||    48

Table legend: (Time is in decaauts)
 A = Elapsed time spent in this place.
 B = Non-inter-level travel time spent in this place.
 C = Inter-level travel time spent in this place.
 D = Time resting spent in this place.
 E = Time spent auto-exploring this place.
 F = Levels seen in this place.
 G = Mean time per level.
                   A        B        C        D        E       F      G
               +--------+--------+--------+--------+--------+-----+--------+
         Total |   3205 |   3164 |     41 |    562 |   1941 |   5 |  641.0 |
       Dungeon |   3205 |   3164 |     41 |    562 |   1941 |   5 |  641.0 |
               +--------+--------+--------+--------+--------+-----+--------+

Top non-repeatable levels by time:
     D:4: 1121 daAuts
     D:3: 782 daAuts
     D:1: 682 daAuts
     D:2: 555 daAuts
     D:5: 64 daAuts
